 Dungeon Sprint DCSS version 0.30-a0-1157-g2cc9ac7196 (webtiles) character file.

Game seed: 8330702260982938618

3 fozzywoppz the Chopper (level 1, -2/23 HPs)
             Began as an Ogre Gladiator on Apr 24, 2023.
             Slain by a human (8 damage)
             ... in the Dungeon (Sprint III: "The Ten Rune Challenge").
             The game lasted 00:00:36 (63 turns).

fozzywoppz the Chopper (Ogre Gladiator)               Turns: 63, Time: 00:00:37

Health: -2/23      AC:  3    Str: 17    XL:     1   Next: 50%
Magic:  1/1        EV: 10    Int:  9    God:
Gold:   16         SH:  0    Dex: 10    Spells: 0/0 levels left

rFire   . . .        a - +0 war axe
rCold   . . .        (no shield)
rNeg    . . .        b - +0 robe
rPois   .            c - +0 hat
rElec   .            (no cloak)
rCorr   .            (gloves unavailable)
SInv    .            (boots unavailable)
Will    .....        (no amulet)
Stlth   +            (no ring)
HPRegen 0.23/turn    (no ring)
MPRegen 0.07/turn

%: no teleportation
@: no status effects
A: large, unfitting armour, tough skin 1
a: no special abilities


You were in the Dungeon.
You visited 1 branch You collected 16 gold pieces.

Inventory:

Hand Weapons
 a - a +0 war axe (weapon)
Missiles
 d - 3 throwing nets (quivered)
 e - a large rock
Armour
 b - a +0 robe (worn)
 c - a +0 hat (worn)
Scrolls
 k - a scroll of blinking
 l - a scroll of enchant armour {unknown}
Potions
 f - a potion of curing
 h - a potion of haste
 i - 2 potions of magic
 j - a potion of berserk rage


   Skills:
 + Level 3.3 Fighting
 + Level 3.3 Axes
 + Level 2.4 Throwing
 + Level 3.0 Dodging


You couldn't memorise any spells.
You didn't know any spells.
Your spell library was empty.

Dungeon Overview and Level Annotations

Branches:
Dungeon (1/1)

Altars:


Innate Abilities, Weirdness & Mutations

You are too large for most types of armour.
You have tough skin. (AC +1)


Message History

The human attacks as you move away! The human misses you.
You closely miss the human. The human barely misses you. The human hits you.
You hit the human.
The human is lightly wounded.
The human hits you.
You slash the human!
The human is moderately wounded.
The human hits you but does no damage.
You miss the human.
The human is moderately wounded.
The human misses you. The human hits you.
You miss the human.
The human is moderately wounded.
The human hits you!
* * * LOW HITPOINT WARNING * * *
You barely miss the human.
The human is moderately wounded.
The human closely misses you. The human hits you.
* * * LOW HITPOINT WARNING * * *
You feel much better. The human hits you.
You hit the human but do no damage.
The human is moderately wounded.
The human hits you!
You hit the human.
The human is heavily wounded.
The human hits you!
You closely miss the human.
The human is heavily wounded.
The human hits you. x2
* * * LOW HITPOINT WARNING * * *
You slash the human!
The human is severely wounded.
The human barely misses you.
You slash the human!
The human is almost dead.
The human barely misses you.
You closely miss the human.
The human is almost dead.
The human hits you but does no damage. The human hits you!
You die...

▓..##.......# .#
▓##.##.##...# ..#
##.##.###..# ..#
▓#.####.##..# ...+
▓.###..##..## #...#
▓#.....##..###....#
###..##...##.....#
##..##....#p.....#
#..###..##@#..h..#
#..# #..#####....#
▓▓▓▓ ▓▓▓▓ ▓▓▓▓▓


You could see a human.

Vanquished Creatures
  An endoplasm (D)
  3 rats (D)
4 creatures vanquished.

Notes
Turn   | Place    | Note
-------+----------+-------------------------------------------
     0 | D        | fozzywoppz the Ogre Gladiator began the quest for the Orb.
     0 | D        | Reached XP level 1. HP: 22/22 MP: 1/1
    47 | D        | Noticed a wolf
    63 | D        | Slain by a human

Illustrated notes

Levels and vault maps discovered:
D:        dungeon_sprint_mu [sprint_mu_entry_cave, sprint_mu_temple_rooms,
          sprint_mu_d1_horrors, sprint_mu_d2_genie, sprint_mu_d3_branching,
          sprint_mu_orc_legion, sprint_mu_elf_gauntlet, sprint_mu_hive_nellie,
          sprint_mu_lair_fedhas, sprint_mu_vaults_butterflies,
          sprint_mu_slime_circle, sprint_mu_swamp_cave, sprint_mu_snake_twists,
          sprint_mu_blade_basic, sprint_mu_crypt_chambers,
          sprint_mu_tomb_spiral, sprint_mu_vestibule_basic,
          sprint_mu_gehenna_hellfire, sprint_mu_dis_giant,
          sprint_mu_tartarus_statrot, sprint_mu_cocytus_islands, sprint_mu_zot1]

Skill      XL: |  1 |
---------------+----+-----
Fighting       | 3 |  3.3
Dodging        | 3 |  3.0
Axes           | |  3.3
Throwing       | |  2.4

Action                     || total
---------------------------++-------
  Melee: War axe           ||    18
    Use: Potion            ||     1
 Armour: Robe              ||     3
  Dodge: Dodged            ||     7

Table legend: (Time is in decaauts)
 A = Elapsed time spent in this place.
 B = Non-inter-level travel time spent in this place.
 C = Inter-level travel time spent in this place.
 D = Time resting spent in this place.
 E = Time spent auto-exploring this place.
 F = Levels seen in this place.
 G = Mean time per level.
                   A        B        C        D        E       F      G
               +--------+--------+--------+--------+--------+-----+--------+
         Total |     68 |     68 |      0 |      0 |      0 |   1 |   68.0 |
       Dungeon |     68 |     68 |      0 |      0 |      0 |   1 |   68.0 |
               +--------+--------+--------+--------+--------+-----+--------+

Top non-repeatable levels by time:
       D: 68 daAuts
